 Dungeon Crawl Stone Soup version 0.19.0-24-gb05acd6 (webtiles) character file.

606 tboon the Shield-Bearer (level 7, 0/50 HPs)
             Began as a Formicid Fighter on Nov 21, 2016.
             Was a Follower of Hepliaklqana.
             Slain by slitherrr's ghost (10 damage)
             ... on level 4 of the Dungeon.
             The game lasted 00:13:46 (3707 turns).

tboon the Shield-Bearer (Formicid Fighter)          Turns: 3707, Time: 00:13:47

Health: 0/50       AC:  7    Str: 21    XL:     7   Next: 71%
Magic:  7/7        EV:  8    Int:  7    God:    Hepliaklqana [*.....]
Gold:   136        SH: 10    Dex: 12    Spells: 0 memorised, 6 levels left

rFire  . . .     SeeInvis +     a - +0 war axe
rCold  . . .     Gourm    .     b - +0 scale mail
rNeg   . . .     Faith    .     c - +0 shield
rPois  .         Spirit   .     (helmet unavailable)
rElec  .         Reflect  .     (no cloak)
rCorr  .         Harm     .     (no gloves)
MR     .....                    (no boots)
Stlth  ..........               o - amulet of regeneration {+regen, !d}
                                (no ring)
                                (no ring)

@: no status effects
A: permanent stasis, dig shafts and tunnels, four strong arms, reduced essence,
antennae 3
a: Dig, Shaft Self, Recall Ancestor, Ancestor Identity, Renounce Religion


You were on level 4 of the Dungeon.
You worshipped Hepliaklqana.
Hepliaklqana was aware of your devotion.
You were not hungry.

You visited 1 branch of the dungeon, and saw 4 of its levels.
You also visited: Sewer.

You collected 136 gold pieces.

Inventory:

Hand Weapons
 a - a +0 war axe (weapon)
 l - a +0 morningstar
   (You found it on level 3 of the Dungeon)
 n - a +2 whip of draining
   (You took it off a kobold on level 3 of the Dungeon)
Armour
 b - a +0 scale mail (worn)
 c - a +0 shield (worn)
Jewellery
 o - an amulet of regeneration (around neck) {+regen, !d}
   (You found it on level 3 of the Dungeon)
Scrolls
 d - 2 scrolls of fear {unknown}
 h - 2 scrolls of teleportation {unknown}
 k - 2 scrolls of enchant armour {unknown}
 q - a scroll of identify
Potions
 e - 4 potions of flight
 m - a potion of ambrosia {unknown}
 p - 3 potions of curing
Books
 i - a book of Air
   (You found it on level 4 of the Dungeon)
Comestibles
 f - 3 bread rations
 g - 2 slices of pizza
 j - a chunk of flesh


   Skills:
 + Level 5.1 Fighting
 * Level 5.1 Axes
 + Level 4.9 Armour
 + Level 5.6 Shields


You had 6 spell levels left.
You didn't know any spells.

Dungeon Overview and Level Annotations

Branches:
Dungeon (4/15)
 Temple: D:4-7

Altars:
Dithmenos
Gozag
Hepliaklqana
Makhleb
Trog
Uskayaw
The Shining One

Annotations:
D:4 slitherrr's ghost, amateur TrEE


Innate Abilities, Weirdness & Mutations

You are under a permanent stasis effect.
You can dig through walls and to a lower floor.
Your four strong arms can wield two-handed weapons with a shield.
You have a pair of large antennae on your head. (SInv)
Your life essence is reduced. (-10% HP)


Message History

The centaur is severely wounded.
The centaur barely misses you. You block the centaur's attack.
You hit the centaur.
The centaur is almost dead.
The centaur hits you but does no damage.
You barely miss the centaur.
The centaur is almost dead.
The centaur completely misses you. You block the centaur's attack.
The centaur barely misses you.
You completely miss the centaur.
The centaur is almost dead.
You block the centaur's attack. The centaur barely misses you.
You closely miss the centaur.
The centaur is almost dead.
The centaur closely misses you.
You slash the centaur!
You kill the centaur!
Your Fighting skill increases to level 5!
Your Axes skill increases to level 5!
Things that are here:
an uncursed shortbow of flaming; 13 arrows You start resting.
Eating one of 2 chunks of flesh.
You start eating one of the 2 chunks of flesh.
This raw flesh tastes terrible.
HP restored.
You swap places.
There is a stone staircase leading down, spattered with blood here.
You see here 2 arrows.
You now have 136 gold pieces (gained 9).
You swap places.
You see here 2 arrows.
There is a stone staircase leading down, spattered with blood here.
Things that are here:
an uncursed shortbow of flaming; 13 arrows You swap places.
Things that are here:
an uncursed shortbow of flaming; 13 arrows
There is a stone staircase leading down, spattered with blood here.
You see here 2 arrows.
You see here an arrow.
You swap places.
You swap places.
You swap places.
Slitherrr's ghost (amateur Troll Earth Elementalist) comes into view.
A hound comes into view.
The hound barks!
Slitherrr's ghost hits Tepiltzin.
You slash the hound!
The hound is severely wounded.
You block the hound's attack.
Tepiltzin hits slitherrr's ghost but does no damage.
The hound bites you.
Slitherrr's ghost barely misses Tepiltzin.
Tepiltzin hits slitherrr's ghost.
You closely miss the hound.
The hound is severely wounded.
You block the hound's attack.
Slitherrr's ghost barely misses Tepiltzin.
The hound bites you.
Tepiltzin hits slitherrr's ghost.
You closely miss the hound.
The hound is severely wounded.
The hound bites you but does no damage.
Slitherrr's ghost hits Tepiltzin!
Tepiltzin hits slitherrr's ghost.
You block the hound's attack.
Slitherrr's ghost hits Tepiltzin.
You barely miss the hound.
The hound is severely wounded.
The hound bites you but does no damage.
Tepiltzin hits slitherrr's ghost but does no damage.
The hound bites you but does no damage.
Slitherrr's ghost hits Tepiltzin!
Tepiltzin closely misses slitherrr's ghost.
You slash the hound!
You kill the hound!
Slitherrr's ghost hits Tepiltzin!
Tepiltzin is destroyed!
Slitherrr's ghost hits you but does no damage.
You closely miss slitherrr's ghost.
Slitherrr's ghost is lightly damaged.
You block slitherrr's ghost's attack.
You slash slitherrr's ghost!
Slitherrr's ghost is moderately damaged.
Slitherrr's ghost hits you. x2
You barely miss slitherrr's ghost.
Slitherrr's ghost is moderately damaged.
Slitherrr's ghost hits you!
You barely miss slitherrr's ghost.
Slitherrr's ghost is moderately damaged.
Slitherrr's ghost hits you.
You hit slitherrr's ghost.
Slitherrr's ghost is moderately damaged.
Slitherrr's ghost hits you!
Okay, then.
You closely miss slitherrr's ghost.
Slitherrr's ghost is moderately damaged.
Slitherrr's ghost hits you!
* * * LOW HITPOINT WARNING * * *
You block slitherrr's ghost's attack.
Your shield and scale mail prevent you from hitting slitherrr's ghost.
Slitherrr's ghost is moderately damaged.
Slitherrr's ghost hits you!
You die...

#..##.. #..##.# ###......
######### #........
#.......########.#..#..#
#.#####..........#.....#
...#####.#######..##.#.##
.......W.# #..##.#.##
##.#####@# #......... #.#
#.######## #.......#
#......#
..#####...#####.####.#
#.#..........#.# {
....##.##.#..#.### ...
##....#..#.... ...
#.##......... .[..#
#.......##...


You could see slitherrr's ghost.

Vanquished Creatures
  Sigmund (D:2)
  A centaur (D:4)
  A big kobold (Sewer)
  A hound (D:4)
  Jessica (D:2)
  An iguana (D:4)
  A hound skeleton (D:4)
  3 river rats
  5 adders
  An ooze (D:2)
  2 worms (D:2)
  3 dart slugs
  5 leopard geckos
  A ball python (D:3)
  5 giant cockroaches
  7 goblins
  9 hobgoblins
  2 jackals
  5 bats (D:1)
  4 frilled lizards
  12 kobolds
  15 rats
86 creatures vanquished.

Vanquished Creatures (collateral kills)
  2 adders (D:3)
  An ooze (D:3)
  A dart slug (D:2)
  A leopard gecko (D:2)
  2 orcs (D:3)
  3 giant cockroaches (D:2)
  A hobgoblin (D:2)
  A quokka (D:3)
  A bat (D:3)
  A frilled lizard (D:4)
  3 goblins (D:2)
  5 kobolds
  3 rats
25 creatures vanquished.

Vanquished Creatures (others)
  2 ancestors
2 creatures vanquished.

Grand Total: 113 creatures vanquished

Notes
Turn   | Place    | Note
-------+----------+-------------------------------------------
     0 | D:1      | tboon the Formicid Fighter began the quest for the Orb.
     0 | D:1      | Reached XP level 1. HP: 18/18 MP: 1/1
   161 | D:1      | Reached XP level 2. HP: 21/24 MP: 2/2
   460 | D:1      | Reached XP level 3. HP: 10/29 MP: 3/3
   467 | D:1      | HP: 7/29 [poisoned by a kobold]
   475 | D:1      | HP: 6/29 [poisoned by a kobold]
  1189 | D:2      | Noticed Jessica
  1190 | D:2      | Found a hazy altar of Hepliaklqana.
  1201 | D:2      | Found a shadowy altar of Dithmenos.
  1202 | D:2      | Killed Jessica
  1202 | D:2      | Reached skill level 3 in Axes
  1202 | D:2      | Reached skill level 4 in Shields
  1202 | D:2      | Reached XP level 4. HP: 35/35 MP: 4/4
  1204 | D:2      | Found a hide-covered altar of Uskayaw.
  1212 | D:2      | Found a bloodstained altar of Trog.
  1212 | D:2      | Found a burning altar of Makhleb.
  1213 | D:2      | Found a glowing golden altar of the Shining One.
  1216 | D:2      | Became a worshipper of Hepliaklqana the Forgotten
  1306 | D:2      | Found a faded altar of an unknown god.
  1371 | D:2      | HP: 7/32 [poisoned by an adder]
  1376 | D:2      | HP: 6/32 [poisoned by an adder]
  1383 | D:2      | HP: 5/32 [poisoned by an adder]
  1391 | D:2      | HP: 3/32 [poisoned by an adder]
  1828 | D:2      | Reached XP level 5. HP: 37/37 MP: 5/5
  1981 | D:2      | Reached skill level 4 in Fighting
  1981 | D:2      | Reached skill level 4 in Armour
  2036 | D:2      | Found an opulent altar of Gozag.
  2260 | D:2      | Noticed Sigmund
  2310 | D:2      | Killed Sigmund
  2310 | D:2      | Reached skill level 4 in Axes
  2310 | D:2      | Reached skill level 5 in Shields
  2310 | D:2      | Reached XP level 6. HP: 36/44 MP: 6/6
  2677 | D:3      | Reached * piety under Hepliaklqana
  3092 | D:3      | Reached XP level 7. HP: 45/49 MP: 7/7
  3109 | D:3      | Found a glowing drain.
  3126 | Sewer    | Entered a sewer
  3283 | Sewer    | Found a glowing silver altar of Zin.
  3616 | D:4      | Reached skill level 5 in Fighting
  3616 | D:4      | Reached skill level 5 in Axes
  3689 | D:4      | Noticed slitherrr's ghost (amateur TrEE)
  3706 | D:4      | HP: 9/50 [slitherrr's ghost (9)]
  3707 | D:4      | Slain by slitherrr's ghost

Skill      XL: |  1  2  3  4  5  6  7 |
---------------+----------------------+-----
Axes           | 3 4 5 |  5.1
Shields        | 4 5 |  5.6
Fighting       | 4 5 |  5.1
Armour         | 4 |  4.9

Action                   |  1- 3 |  4- 6 |  7- 9 || total
-------------------------+-------+-------+-------++-------
Melee: War axe           |    95 |   183 |    75 ||   353
  Use: Potion            |     1 |       |       ||     1
       Scroll            |       |       |     4 ||     4
 Stab: Distracted        |       |     1 |       ||     1
  Eat: Chunk             |       |     7 |     3 ||    10
Armor: Scale mail        |    38 |    66 |    21 ||   125
Dodge: Dodged            |    24 |    71 |    22 ||   117
Block: Shield            |    70 |    88 |    40 ||   198

Vault maps used:
D:1:      dpeg_arrival_brainrot
D:2:      lemuel_doored_altar, grunt_temple_overflow_open, ecumenical_altar_2,
          first_bread, minmay_goblin_outpost, uniq_sigmund, uniq_jessica
D:3:      gup_sewer_entry_bubbles, minmay_distorted
Sewer:    sewer_kobolds

Table legend:
 A = Turns spent in this place as a percentage of turns spent in the entire game.
 B = Non-inter-level travel turns spent in this place as a percentage of non-inter-level travel turns spent in the entire game.
 C = Inter-level travel turns spent in this place as a percentage of turns spent in this place.
 D = Turns resting spent in this place as a percentage of non-inter-level travel turns spent in this place.
 E = Turns spent auto-exploring this place as a percentage of non-inter-level travel turns spent in this place.
 F = Non-inter-level travel turns spent in this place divided by the number of levels of this place that you've seen.
                   A       B       C       D       E      F
               +-------+-------+-------+-------+-------+----------------------
         Total | 100.0 | 100.0 |   0.3 |   2.3 |  12.4 | 193.2
       Dungeon |  94.3 |  94.3 |   0.3 |   2.2 |  12.7 | 227.8
         Sewer |   5.7 |   5.7 |   0.0 |   3.6 |   7.3 |  55.0
               +-------+-------+-------+-------+-------+----------------------

Table legend:
 A = Kills in this place as a percentage of kills in entire the game.
 B = Kills by you in this place as a percentage of kills by you in the entire game.
 C = Kills by friends in this place as a percentage of kills by friends in the entire game.
 D = Other kills in this place as a percentage of other kills in the entire game.
 E = Experience gained in this place as a percentage of experience gained in the entire game.
 F = Experience gained in this place divided by the number of levels of this place that you have seen.
                   A       B       C       D       E      F
               +-------+-------+-------+-------+-------+----------------------
         Total | 100.0 | 100.0 | 100.0 |  -nan | 100.0 | 173.4
       Dungeon |  90.1 |  91.9 |  84.0 |  -nan |  86.4 | 187.2
         Sewer |   9.9 |   8.1 |  16.0 |  -nan |  13.6 | 118.0
               +-------+-------+-------+-------+-------+----------------------
